Map: Orbital Shipyard

Players

AcerNerchio (Nerchio) - Winner!

  • Race: Zerg Zerg

viOLet

  • Race: Zerg Zerg
  • League: Grandmaster

VOD

Have the link to the VOD?

Description

Time

  • Played on: Dec. 14, 2015, 6:47 p.m.
  • Length: 3:55
Show
View Real Time Build Order
Export as new Build Order

AcerNerchio Zerg - Winner!

Build Orders: Pool Only, Zergling Baneling 

Get SALT Encoding   

  12  0:01  Drone  
  13  0:08  Drone  
  14  0:18  Drone, Extractor  
  14  0:33  Spawning Pool  
  13  0:36  Drone  
  13  0:42  Drone, Extractor  
  15  0:50  Overlord  
  15  1:19  Queen  
  15  1:20  Zergling x6  
  15  1:25  Metabolic Boost  
  20  1:31  Zergling x2  
  21  1:42  Overlord  
  21  1:48  Baneling Nest  
  21  1:53  Zergling x2  
  21  2:03  Zergling x2  
  22  2:13  Zergling x2  
  24  2:30  Zergling x8  
  24  2:33  Baneling x5  
  24  2:34  Baneling  
  27  2:39  Zergling x2  
  28  2:49  Zergling x2  
  29  3:01  Zergling x2  
  29  3:03  Zergling x2, Baneling x2  
  30  3:07  Baneling  
  25  3:20  Zergling x6  
  25  3:32  Zergling x2  
Show
View Real Time Build Order
Export as new Build Order

viOLet Zerg 

Build Orders: Hatch First 

Get SALT Encoding   

  12  0:01  Drone  
  13  0:12  Overlord  
  13  0:17  Drone  
  14  0:30  Drone x2  
  14  0:35  Drone  
  17  0:52  Hatchery  
  17  0:55  Drone  
  17  1:02  Drone  
  18  1:11  Spawning Pool  
  18  1:14  Drone  
  19  1:18  Drone  
  19  1:22  Extractor  
  18  1:28  Drone  
  19  1:44  Overlord  
  19  1:58  Queen  
  19  1:59  Zergling x2  
  22  2:02  Drone  
  22  2:04  Queen  
  22  2:05  Drone  
  26  2:11  Drone  
  27  2:17  Drone  
  27  2:22  Metabolic Boost, Drone  
  29  2:27  Drone  
  30  2:35  Drone  
  31  2:37  Overlord  
  31  2:39  Queen  
  33  2:49  Baneling Nest, Zergling x4  
  34  2:54  Zergling x2  
  34  3:00  Spine Crawler  
  34  3:03  Zergling x2  
  34  3:06  Zergling x2  
  34  3:07  Zergling x4  
  37  3:13  Zergling x2  
  37  3:18  Zergling x2  
Tags
 
Add a new tag
Caveats
  • Supply blocks, unpowered buildings, or Contaminate may cause inaccurate times.
  • Supply counts are checked every 10 seconds.